| TOP OF THE 1ST |
|
Chicago Cubs batting - Pitching for New York Mets : LHP Rick Jones
|
|
Pitching: LHP Rick Jones
|
|
|
Batting: RHB Gary Ward
|
0-0: Ball 1-0: Called Strike 1-1: Swinging Strike 1-2: Strikes out swinging
|
|
Batting: RHB Randy Ready
|
0-0: Ball 1-0: Foul Ball, location: 2F 1-1: SINGLE (Line Drive, 6MD, EV 94.4 MPH)
|
|
Batting: RHB Lonnie Smith
|
0-0: Ball 1-0: Ball 2-0: Ball 3-0: Base on Balls Randy Ready to second
|
|
Batting: RHB Jim Rice
|
0-0: Ball 1-0: Called Strike 1-1: Grounds out, U3 (Groundball, 3L, EV 87.5 MPH) Randy Ready to third
|
|
Batting: RHB Marty Castillo
|
0-0: Ball 1-0: Foul Ball, location: 2F 1-1: Ball 2-1: SINGLE (Groundball, 56D, EV 103.1 MPH) Randy Ready scores Lonnie Smith to third Runner from 3rd tries for Home, SAFE, throw by LF to home
|
|
Batting: RHB Fran Mullins
|
0-0: Ball 1-0: Ball 2-0: Foul Ball, location: 2F 2-1: Fielders Choice at 2nd, 6-4 (Groundball, 6D, EV 99.4 MPH)
|
| Top of the 1st over - 2 runs, 2 hits, 0 errors, 1 left on base; Chicago 2 - New York 0 |
| BOTTOM OF THE 1ST |
|
New York Mets batting - Pitching for Chicago Cubs : RHP Oscar Sanchez
|
|
Pitching: RHP Oscar Sanchez
|
|
|
Batting: LHB Lyman Bostock
|
0-0: Ball 1-0: Ball 2-0: Ball 3-0: Called Strike 3-1: Foul Ball, location: 2F 3-2: SINGLE (Line Drive, 7S, EV 105.0 MPH)
|
|
Batting: RHB Ray Knight
|
0-0: Ball 1-0: Called Strike 1-1: Swinging Strike 1-2: Ball 2-2: Ball 3-2: Base on Balls Lyman Bostock to second
|
|
Batting: LHB John Kruk
|
0-0: Ball 1-0: Foul Ball, location: 2F 1-1: SINGLE (Line Drive, 7S, EV 90.6 MPH) Lyman Bostock to third Ray Knight to second Runner from 3rd tries for Home, SAFE, throw by LF to home
|
|
Batting: RHB Garry Maddox
|
0-0: SINGLE (Flyball, 78M, EV 96.3 MPH) Ray Knight to third John Kruk to second Runner from 3rd tries for Home, SAFE, throw by LF to home
|
|
Batting: SHB Ken Singleton
|
0-0: Swinging Strike 0-1: Ball 1-1: Ball 2-1: Grounds into double play, 3-6-1 (Groundball, 34, EV 90.6 MPH) John Kruk to third
|
|
Batting: RHB Rick Burleson
|
0-0: Fly out, F9 (Flyball, 9S, EV 76.3 MPH)
|
| Bottom of the 1st over - 2 runs, 3 hits, 0 errors, 1 left on base; Chicago 2 - New York 2 |
| TOP OF THE 2ND |
|
Chicago Cubs batting - Pitching for New York Mets : LHP Rick Jones
|
|
Batting: LHB Gerald Perry
|
0-0: Called Strike 0-1: Ball 1-1: Ball 2-1: Foul Ball, location: 2F 2-2: Strikes out looking
|
|
Batting: RHB Bob Brenly
|
0-0: Called Strike 0-1: Swinging Strike 0-2: Ball 1-2: Strikes out swinging
|
|
Batting: SHB Oscar Sanchez
|
0-0: Called Strike 0-1: Ball 1-1: Ball 2-1: Called Strike 2-2: Strikes out swinging
|
| Top of the 2nd over - 0 runs, 0 hits, 0 errors, 0 left on base; Chicago 2 - New York 2 |
| BOTTOM OF THE 2ND |
|
New York Mets batting - Pitching for Chicago Cubs : RHP Oscar Sanchez
|
|
Batting: RHB Bill Almon
|
0-0: Ball 1-0: Ball 2-0: Foul Ball, location: 2F 2-1: Ball 3-1: Reached on error, E6 (Groundball, 6, EV 81.3 MPH)
|
|
Batting: LHB Terry Kennedy
|
0-0: Called Strike 0-1: Swinging Strike 0-2: Ball Wild Pitch! Bill Almon to second 1-2: Ball 2-2: Ball 3-2: Base on Balls
|
|
Batting: LHB Rick Jones
|
0-0: Ball 1-0: Bunt missed! 1-1: Ball 2-1: Ball 3-1: Bunted foul 3-2: Sac Bunt to 25 - play at first, batter OUT! 5-4 Bill Almon to third Terry Kennedy to second
|
|
Batting: LHB Lyman Bostock
|
0-0: Foul Ball, location: 2F 0-1: Ball 1-1: Ball 2-1: Called Strike 2-2: Fly out, F7 (Flyball, 78XD, EV 110.6 MPH) Runner from 3rd tags up, SCORES, no throw by LF
|
|
Batting: RHB Ray Knight
|
0-0: Fly out, F7 (Flyball, 7S, EV 90.0 MPH)
|
| Bottom of the 2nd over - 1 run, 0 hits, 1 error, 1 left on base; Chicago 2 - New York 3 |
| TOP OF THE 3RD |
|
Chicago Cubs batting - Pitching for New York Mets : LHP Rick Jones
|
|
Batting: RHB Gary Ward
|
0-0: Ball 1-0: Ball 2-0: Called Strike 2-1: Fly out, F8 (Flyball, 89D, EV 90.6 MPH)
|
|
Batting: RHB Randy Ready
|
0-0: Foul Ball, location: 2F 0-1: Foul Ball, location: 2F 0-2: Ball 1-2: Ball 2-2: Foul Ball, location: 2F 2-2: Ball 3-2: Base on Balls
|
|
Batting: RHB Lonnie Smith
|
Balk! Randy Ready to second 0-0: Called Strike 0-1: Swinging Strike 0-2: Foul Ball, location: 2F 0-2: Foul Ball, location: 2F 0-2: Foul Ball, location: 2F 0-2: DOUBLE (Groundball, 5L, EV 103.8 MPH) Randy Ready scores
|
|
Batting: RHB Jim Rice
|
0-0: Called Strike 0-1: Ball 1-1: Ball 2-1: Foul Ball, location: 2F 2-2: Strikes out looking
|
|
Batting: RHB Marty Castillo
|
0-0: Swinging Strike 0-1: Ball 1-1: Called Strike 1-2: Strikes out swinging
|
| Top of the 3rd over - 1 run, 1 hit, 0 errors, 1 left on base; Chicago 3 - New York 3 |
| BOTTOM OF THE 3RD |
|
New York Mets batting - Pitching for Chicago Cubs : RHP Oscar Sanchez
|
|
Batting: LHB John Kruk
|
0-0: Ball 1-0: SINGLE (Groundball, 15S, EV 68.1 MPH) (infield hit)
|
|
Batting: RHB Garry Maddox
|
0-0: Called Strike 0-1: Foul Ball, location: 2F 0-2: Ball 1-2: Foul Ball, location: 2F 1-2: Ball 2-2: Ball 3-2: Fly out, F3 (Popup, 3F, EV 65.0 MPH)
|
|
Batting: SHB Ken Singleton
|
0-0: Called Strike 0-1: Ball 1-1: Swinging Strike 1-2: Foul Ball, location: 2F 1-2: Grounds into double play, 1-6-3 (Groundball, 34S, EV 69.4 MPH)
|
| Bottom of the 3rd over - 0 runs, 1 hit, 0 errors, 0 left on base; Chicago 3 - New York 3 |
| TOP OF THE 4TH |
|
Chicago Cubs batting - Pitching for New York Mets : LHP Rick Jones
|
|
Batting: RHB Fran Mullins
|
0-0: Called Strike 0-1: Ball 1-1: Swinging Strike 1-2: Ball 2-2: Strikes out swinging
|
|
Batting: LHB Gerald Perry
|
0-0: Ball 1-0: Ball 2-0: Foul Ball, location: 2F 2-1: Swinging Strike 2-2: Fly out, F8 (Line Drive, 8LM, EV 91.9 MPH)
|
|
Batting: RHB Bob Brenly
|
0-0: Called Strike 0-1: Foul Ball, location: 2F 0-2: Foul Ball, location: 2F 0-2: Ball 1-2: Ball 2-2: Ball 3-2: Base on Balls
|
|
Batting: SHB Oscar Sanchez
|
0-0: Foul Ball, location: 2F 0-1: Ball 1-1: Ball 2-1: Ball 3-1: Foul Ball, location: 2F 3-2: Foul Ball, location: 2F 3-2: Foul Ball, location: 2F 3-2: Strikes out swinging
|
| Top of the 4th over - 0 runs, 0 hits, 0 errors, 1 left on base; Chicago 3 - New York 3 |
| BOTTOM OF THE 4TH |
|
New York Mets batting - Pitching for Chicago Cubs : RHP Oscar Sanchez
|
|
Batting: RHB Rick Burleson
|
0-0: SINGLE (Line Drive, 6, EV 71.9 MPH) (infield hit)
|
|
Batting: RHB Bill Almon
|
0-0: Called Strike Rick Burleson steals 2nd base 0-1: Called Strike 0-2: Foul Ball, location: 2F 0-2: Ball 1-2: Ground out 5-3 (Groundball, 56S, EV 81.9 MPH)
|
|
Batting: LHB Terry Kennedy
|
0-0: Fly out, F7 (Flyball, 7LS, EV 96.9 MPH)
|
|
Batting: LHB Rick Jones
|
0-0: Ball 1-0: Ball 2-0: Foul Ball, location: 2F 2-1: Fly out, F8 (Flyball, 89D, EV 98.1 MPH)
|
| Bottom of the 4th over - 0 runs, 1 hit, 0 errors, 1 left on base; Chicago 3 - New York 3 |
| TOP OF THE 5TH |
|
Chicago Cubs batting - Pitching for New York Mets : LHP Rick Jones
|
|
Batting: RHB Gary Ward
|
0-0: Called Strike 0-1: Called Strike 0-2: Ball 1-2: Fly out, F7 (Flyball, 7D, EV 106.9 MPH)
|
|
Batting: RHB Randy Ready
|
0-0: Foul Ball, location: 2F 0-1: Called Strike 0-2: SINGLE (Line Drive, 34D, EV 98.1 MPH)
|
|
Batting: RHB Lonnie Smith
|
0-0: Called Strike 0-1: Ball 1-1: Foul Ball, location: 2F 1-2: Ball 2-2: Ball 3-2: SINGLE (Line Drive, 7S, EV 100.6 MPH) Randy Ready to second
|
|
Batting: RHB Jim Rice
|
0-0: Ball 1-0: Fly out, F7 (Flyball, 7LM, EV 88.8 MPH) Runner from 2nd tags up, OUT at 3rd! 7-5
|
| Top of the 5th over - 0 runs, 2 hits, 0 errors, 1 left on base; Chicago 3 - New York 3 |
| BOTTOM OF THE 5TH |
|
New York Mets batting - Pitching for Chicago Cubs : RHP Oscar Sanchez
|
|
Batting: LHB Lyman Bostock
|
0-0: Called Strike 0-1: Ball 1-1: Foul Ball, location: 2F 1-2: Ball 2-2: Strikes out swinging wild pitch, reaches first!
|
|
Batting: RHB Ray Knight
|
0-0: Called Strike 0-1: Ball 1-1: Sac Bunt to P - play at first, batter OUT! 1-4 Lyman Bostock to second
|
|
Batting: LHB John Kruk
|
0-0: Ball 1-0: Ball 2-0: Ground out 4-3 (Groundball, 4, EV 92.5 MPH) Lyman Bostock to third
|
|
Batting: RHB Garry Maddox
|
0-0: Ground out 4-3 (Groundball, 34, EV 91.9 MPH)
|
| Bottom of the 5th over - 0 runs, 0 hits, 0 errors, 1 left on base; Chicago 3 - New York 3 |
| TOP OF THE 6TH |
|
Chicago Cubs batting - Pitching for New York Mets : LHP Rick Jones
|
|
Batting: RHB Marty Castillo
|
0-0: Called Strike 0-1: Ball 1-1: Ball 2-1: Foul Ball, location: 2F 2-2: Ball 3-2: Ground out U3 (Groundball, 3, EV 82.5 MPH)
|
|
Batting: RHB Fran Mullins
|
0-0: Ball 1-0: Foul Ball, location: 2F 1-1: Swinging Strike 1-2: Ball 2-2: Foul Ball, location: 2F 2-2: Fly out, F7 (Flyball, 7D, EV 86.3 MPH)
|
|
Batting: LHB Gerald Perry
|
0-0: Ball 1-0: Ball 2-0: Called Strike 2-1: Ball 3-1: Ground out 4-3 (Groundball, 13, EV 79.4 MPH)
|
| Top of the 6th over - 0 runs, 0 hits, 0 errors, 0 left on base; Chicago 3 - New York 3 |
| BOTTOM OF THE 6TH |
|
New York Mets batting - Pitching for Chicago Cubs : RHP Oscar Sanchez
|
|
Batting: SHB Ken Singleton
|
0-0: Ground out 4-3 (Groundball, 4, EV 105.0 MPH)
|
|
Batting: RHB Rick Burleson
|
0-0: SINGLE (Line Drive, 78S, EV 101.9 MPH)
|
|
Batting: RHB Bill Almon
|
0-0: Called Strike 0-1: Called Strike Rick Burleson steals 2nd, throwing error, E2 Rick Burleson to third 0-2: Ball 1-2: Ball 2-2: Strikes out swinging
|
|
Batting: LHB Terry Kennedy
|
0-0: Intentional Walk
|
|
Batting: LHB Rick Jones
|
0-0: Ball 1-0: Called Strike 1-1: Called Strike 1-2: Ball 2-2: Strikes out swinging
|
| Bottom of the 6th over - 0 runs, 1 hit, 1 error, 2 left on base; Chicago 3 - New York 3 |
| TOP OF THE 7TH |
|
Chicago Cubs batting - Pitching for New York Mets : LHP Rick Jones
|
|
Batting: RHB Bob Brenly
|
0-0: Swinging Strike 0-1: Swinging Strike 0-2: Ball 1-2: Ball 2-2: Ball 3-2: Foul Ball, location: 2F 3-2: Strikes out swinging
|
|
Batting: SHB Oscar Sanchez
|
0-0: Ball 1-0: Foul Ball, location: 2F 1-1: Ground out 6-3 (Groundball, 6, EV 111.3 MPH)
|
|
Batting: RHB Gary Ward
|
0-0: Foul Ball, location: 2F 0-1: Fly out, F8 (Flyball, 89D, EV 95.6 MPH)
|
| Top of the 7th over - 0 runs, 0 hits, 0 errors, 0 left on base; Chicago 3 - New York 3 |
| BOTTOM OF THE 7TH |
|
New York Mets batting - Pitching for Chicago Cubs : RHP Oscar Sanchez
|
|
Batting: LHB Lyman Bostock
|
0-0: Ball 1-0: Ball 2-0: Foul Ball, location: 2F 2-1: SINGLE (Groundball, 34D, EV 96.9 MPH)
|
|
Batting: RHB Ray Knight
|
0-0: Called Strike 0-1: Called Strike 0-2: Ball 1-2: Ball 2-2: Ball 3-2: Strikes out swinging
|
|
Batting: LHB John Kruk
|
0-0: Ball 1-0: Ground out 6-3 (Groundball, 6M, EV 98.1 MPH) Lyman Bostock to second
|
|
Batting: RHB Garry Maddox
|
0-0: Called Strike 0-1: Ball 1-1: Ground out U3 (Groundball, 34, EV 96.9 MPH)
|
| Bottom of the 7th over - 0 runs, 1 hit, 0 errors, 1 left on base; Chicago 3 - New York 3 |
| TOP OF THE 8TH |
|
Chicago Cubs batting - Pitching for New York Mets : LHP Rick Jones
|
|
Pitching: RHP Matt Adams
|
|
|
Batting: RHB Randy Ready
|
0-0: Ball 1-0: Called Strike 1-1: Foul Ball, location: 2F 1-2: Ball 2-2: Ground out 4-3 (Groundball, 4, EV 91.3 MPH)
|
|
Batting: RHB Lonnie Smith
|
0-0: Ball 1-0: Ground out 5-3 (Groundball, 56, EV 91.3 MPH)
|
|
Batting: RHB Jim Rice
|
0-0: Called Strike 0-1: Ball 1-1: Fly out, F7 (Line Drive, 7, EV 93.8 MPH)
|
| Top of the 8th over - 0 runs, 0 hits, 0 errors, 0 left on base; Chicago 3 - New York 3 |
| BOTTOM OF THE 8TH |
|
New York Mets batting - Pitching for Chicago Cubs : RHP Oscar Sanchez
|
|
Batting: SHB Ken Singleton
|
0-0: Ball 1-0: Ball 2-0: Ball 3-0: Base on Balls
|
|
Pitching: LHP Dave Dravecky
|
|
|
Pinch Runner at 1st Gary Redus:
|
|
|
Batting: RHB Rick Burleson
|
0-0: Ball 1-0: Ball 2-0: Called Strike 2-1: Called Strike 2-2: Foul Ball, location: 2F 2-2: Ball 3-2: Base on Balls Gary Redus to second
|
|
Batting: RHB Bill Almon
|
0-0: Ball 1-0: Ball 2-0: Fielders Choice at 2nd, 6-4 (Groundball, 6M, EV 86.9 MPH) Gary Redus to third
|
|
Batting: LHB Terry Kennedy
|
0-0: Called Strike 0-1: Called Strike 0-2: SINGLE (Groundball, P, EV 99.4 MPH) Gary Redus scores Bill Almon to second Runner from 2nd tries for 3rd, SAFE, throw by CF made to third
|
|
Batting: RHB Matt Adams
|
0-0: Ball 1-0: Bunt missed! 1-1: Foul Ball, location: 2F 1-2: Ball 2-2: Foul Ball, location: 2F 2-2: Reached on error, E1 (Groundball, 13S, EV 64.4 MPH) Bill Almon scores Terry Kennedy to second
|
|
Batting: LHB Lyman Bostock
|
0-0: Ball 1-0: Swinging Strike 1-1: Fly out, F7 (Flyball, 7LS, EV 97.5 MPH)
|
|
Batting: RHB Ray Knight
|
0-0: Ball 1-0: Swinging Strike 1-1: Ball 2-1: Swinging Strike 2-2: Ball 3-2: Reached on error, E8 (Flyball, 8LM, EV 86.3 MPH) Terry Kennedy scores Matt Adams to third
|
|
Batting: LHB John Kruk
|
0-0: Ball 1-0: Foul Ball, location: 2F 1-1: Called Strike 1-2: Ball 2-2: Ball 3-2: Ground out 4-3 (Groundball, 4, EV 85.0 MPH)
|
| Bottom of the 8th over - 3 runs, 1 hit, 2 errors, 2 left on base; Chicago 3 - New York 6 |
| TOP OF THE 9TH |
|
Chicago Cubs batting - Pitching for New York Mets : RHP Matt Adams
|
|
Now at 1B: Gary Redus
|
|
|
Batting: RHB Marty Castillo
|
0-0: Called Strike 0-1: Ball 1-1: Called Strike 1-2: Ground out 2-3 (Groundball, 13S, EV 68.1 MPH)
|
|
Batting: RHB Fran Mullins
|
0-0: Ball 1-0: Called Strike 1-1: Foul Ball, location: 2F 1-2: Ball 2-2: Ground out 5-3 (Groundball, 56, EV 83.8 MPH)
|
|
Batting: LHB Gerald Perry
|
0-0: Foul Ball, location: 2F 0-1: Called Strike 0-2: Ball 1-2: Ball 2-2: SINGLE (Groundball, 34D, EV 105.0 MPH)
|
|
Batting: RHB Bob Brenly
|
0-0: Ball 1-0: Called Strike 1-1: Ball 2-1: Ball 3-1: Swinging Strike 3-2: Strikes out swinging
|
| Top of the 9th over - 0 runs, 1 hit, 0 errors, 1 left on base; Chicago 3 - New York 6 |
|